AoeStats
← [Massa] Edo

Coastal Forest

503539958Analyzed
2v2 RM · 1mo ago on Sep 1, 2026· 56m 4s· 4 players
Game mode
Random Map
Map size
Medium (4 player)
Population
200
Speed
Normal
Resources
Standard
Victory
Conquest
Starting age
Dark Age
Ending age
Imperial Age
RankedLock teamsTeams togetherTeam positionsShared explorationLock speedFull tech treeHidden civsTurbo modeCheats
Victory
Defeat
🇧🇷 Khitans · Brazil
1393
+14
🇧🇷 Mongols · Brazil
1392
+15
🇧🇷 Franks · Brazil
1378
-15
🇨🇴 Britons · Colombia
1342
-14
SKULL_KNIGHT
4:05 Loom
10:37 Feudal Age
11:17 Double-Bit Axe
17:44 Wheelbarrow
17:30 Fletching
22:57 Castle Age
22:07 Padded Archer Armor
23:14 Crossbowman
23:50 Bodkin Arrow
28:48 Ballistics
37:20 Imperial Age
36:12 Hand Cart
38:16 Bracer
39:10 Bow Saw
38:48 Town Watch
40:33 Conscription
41:28 Yeomen
45:21 Elite Longbowman
50:29 Hoardings
50:03 Horse Collar
52:09 Light Cavalry
52:55 Scale Barding Armor
53:02 Forging
55:39 Husbandry
Nego D
0:26 Loom
10:20 Feudal Age
24:00 Castle Age
22:16 Gold Mining
23:31 Stone Mining
23:27 Double-Bit Axe
24:36 Forging
24:32 Scale Barding Armor
25:55 Iron Casting
29:04 Double-Bit Axe
31:20 Fletching
31:44 Husbandry
32:34 Chain Barding Armor
34:19 Bow Saw
35:55 Wheelbarrow
35:07 Town Watch
37:25 Hand Cart
39:51 Bodkin Arrow
44:14 Imperial Age
44:20 Gold Shaft Mining
44:44 Cavalier
49:07 Light Cavalry
tg
6:23 Loom
9:02 Feudal Age
10:05 Double-Bit Axe
19:07 Fletching
19:52 Padded Archer Armor
22:12 Domestication
26:30 Castle Age
27:09 Bodkin Arrow
26:36 Elite Skirmisher
28:37 Leather Archer Armor
29:07 Bow Saw
35:39 Wheelbarrow
35:07 Pastoralism
36:39 Ballistics
40:54 Scale Barding Armor
45:02 Imperial Age
43:02 Chain Barding Armor
45:27 Hand Cart
45:45 Bracer
46:15 Ring Archer Armor
46:30 Plate Barding Armor
47:43 Chemistry
48:17 Two-Man Saw
48:00 Light Cavalry
48:40 Husbandry
48:52 Forging
50:12 Transhumance
49:38 Treadmill Crane
49:44 Hussar
51:00 Masonry
51:30 Scale Mail Armor
51:42 Lamellar Armor
51:59 Conscription
52:35 Iron Casting
54:00 Chain Mail Armor
53:08 Elite Liao Dao
54:22 Siege Engineers
56:28 Plate Mail Armor
[Massa] Edo
10:04 Feudal Age
12:04 Loom
16:02 Castle Age
14:07 Horse Collar
14:56 Gold Mining
15:26 Fletching
16:51 Bodkin Arrow
17:07 Fishing Lines
17:16 Double-Bit Axe
20:54 Padded Archer Armor
22:23 Bow Saw
22:41 Leather Archer Armor
23:31 Ballistics
25:13 Wheelbarrow
30:45 Imperial Age
28:24 Nomads
28:34 Husbandry
30:01 Murder Holes
31:08 Gold Shaft Mining
30:24 Stone Mining
31:58 Conscription
31:52 Heavy Plow
32:29 Stone Shaft Mining
32:30 Thumb Ring
32:58 Hand Cart
36:23 Chemistry
37:04 Bracer
38:02 Elite Mangudai
39:12 Bloodlines
40:44 Scale Barding Armor
40:49 Forging
41:10 Siege Engineers
40:40 Light Cavalry
46:00 Drill
47:15 Heavy Scorpion
50:35 Chain Barding Armor
50:51 Iron Casting
50:42 Hussar
54:10 Blast Furnace
Connection lost

Rejoining the realm…

Still unreachable

The connection could not be restored.

Session expired

The server has moved on; the page needs a fresh start.